 Dungeon Crawl Stone Soup version 0.27.1-2-g3b301248ec (webtiles) character file.

Game seed: 2594624479838871415

392 cdecastro the Chopper (level 6, -2/50 HPs)
             Began as a Palentonga Fighter on Oct 4, 2021.
             Killed by divine providence
             ... invoked by an orc priest
              (12 damage)
             ... on level 4 of the Dungeon.
             The game lasted 00:05:28 (3951 turns).

cdecastro the Chopper (Palentonga Fighter)          Turns: 3951, Time: 00:05:29

Health: -2/50      AC:  7    Str: 22    XL:     6   Next: 50%
Magic:  6/6        EV:  7    Int:  8    God:
Gold:   193        SH:  0    Dex:  9    Spells: 5/5 levels left

rFire    . . .     SeeInvis +   a - +0 war axe
rCold    . . .     Faith    .   (no shield)
rNeg     . . .     Spirit   .   b - +0 scale mail
rPois    .         Reflect  .   (no helmet)
rElec    .         Harm     .   (no cloak)
rCorr    .         Rampage  .   r - +0 pair of gloves
Will     .....                  (no barding)
Stlth    ..........             (no amulet)
HPRegen  0.16/turn              (no ring)
MPRegen  0.10/turn              (no ring)

@: slowed, very slow
A: large, rugged brown scales 3, see invisible, deformed body, roll 1, armoured
tail
a: Rolling Charge


You were on level 4 of the Dungeon.
You visited 1 branch of the dungeon, and saw 4 of its levels.

You collected 193 gold pieces.

Inventory:

Hand Weapons
 a - a +0 war axe (weapon)
Missiles
 h - 112 stones
 j - 35 sling bullets
 p - 4 boomerangs
Armour
 b - a +0 scale mail (worn)
 r - a +0 pair of gloves (worn)
Jewellery
 m - an amulet of guardian spirit
Scrolls
 c - a scroll of amnesia
 e - a scroll of magic mapping {unknown}
 f - a scroll of identify
 i - a scroll of teleportation {unknown}
 q - a scroll of fear {unknown}
Potions
 d - a potion of might
 g - 3 potions of magic
 l - a potion of ambrosia {unknown}
 n - 2 potions of curing
 o - a potion of degeneration {unknown}


   Skills:
 - Level 3.0 Fighting
 + Level 7.0 Axes
 - Level 2.4 Armour
 - Level 2.4 Shields


You had 5 spell levels left.
You didn't know any spells.
Your spell library was empty.

Dungeon Overview and Level Annotations

Branches:
Dungeon (4/15)
 Temple: D:4-7

Altars:
Makhleb
Vehumet
Wu Jian
Xom

Shops:
D:1 *


Innate Abilities, Weirdness & Mutations

You are completely covered in rugged brown scales. (AC +3, +7% HP)
You have supernaturally acute eyesight. (SInv)
Armour fits poorly on your strangely shaped body.
You can roll at nearby foes to attack.
You have a long armoured tail.


Message History

You are no longer poisoned.
The orc priest hits you but does no damage.
The orc priest hits you with a +0 short sword.
You hit the orc priest.
You kill the orc priest!
The orc priest casts a cantrip, but nothing happens.
Your Axes skill increases to level 7!
You closely miss the orc wizard.
The orc throws a curare-tipped dart.
The curare-tipped dart closely misses the orc wizard.
The curare-tipped dart hits you.
You are poisoned.
You have difficulty breathing.
* * * LOW HITPOINT WARNING * * *
You feel as though you will be slow longer.
The orc wizard hits you with a +0 whip.
* * * LOW HITPOINT WARNING * * *
The orc throws a curare-tipped dart.
The curare-tipped dart hits the orc wizard.
The orc wizard is poisoned.
The orc wizard convulses.
The orc wizard seems to slow down.
You hit the orc wizard.
You kill the orc wizard!
You feel very sick.
You feel better. The orc hits you with a +0 short sword.
* * * LOW HITPOINT WARNING * * *
The orc completely misses you.
Unknown command.
You barely miss the orc. The orc hits you with a +0 short sword.
* * * LOW HITPOINT WARNING * * *
You slash the orc!
You kill the orc!
You closely miss the orc priest.
The orc priest hits you with a +0 short sword.
* * * LOW HITPOINT WARNING * * *
The orc priest hits you with a +0 short sword.
* * * LOW HITPOINT WARNING * * *
You closely miss the orc priest.
The orc priest invokes the aid of Beogh against you.
Beogh smites you!
You die...

#..........# ##†#.>.
#..........# ###....##
..........# #....###
########.# #.##.# #.#
#<##)# #.# ##.##.# ##)#
##..##)#### #..#
#..###.##.. #@## #.##
#.##.≈ #o# #.# ##.##.≈
..# #.# #.....≈ ._.#
##.# #.....≈
....#####..###.....≈
....###....###......≈
.....................≈
.)....###########......
#......


You could see an orc priest.

Vanquished Creatures
  A necrophage (D:4)
  A hound (D:3)
  2 orc priests
  Jessica (D:3)
  An orc wizard (D:4)
  A statue (D:3)
  A hound zombie (D:3)
  5 adders
  A worm (D:2)
  2 dart slugs
  14 orcs
  4 ball pythons
  7 endoplasms
  A giant cockroach (D:3)
  12 goblins
  2 hobgoblins
  3 jackals (D:1)
  6 quokkas
  2 bats (D:1)
  3 frilled lizards
  4 kobolds
  7 rats
81 creatures vanquished.

Notes
Turn   | Place    | Note
-------+----------+-------------------------------------------
     0 | D:1      | cdecastro the Palentonga Fighter began the quest for the
                  | Orb.
     0 | D:1      | Reached XP level 1. HP: 19/19 MP: 1/1
   181 | D:1      | Reached XP level 2. HP: 12/25 MP: 2/2
   414 | D:1      | Found Leal's Assorted Antiques.
   474 | D:1      | Reached skill level 3 in Axes
   829 | D:1      | Found a faded altar of an unknown god.
   872 | D:1      | Reached XP level 3. HP: 31/31 MP: 3/3
  1562 | D:2      | Reached skill level 4 in Axes
  2351 | D:3      | Noticed Jessica
  2355 | D:3      | Killed Jessica
  2356 | D:3      | Reached XP level 4. HP: 37/37 MP: 4/4
  2361 | D:3      | Found an ornate altar of the Wu Jian Council.
  2434 | D:3      | Reached skill level 5 in Axes
  2445 | D:3      | Reached XP level 5. HP: 19/43 MP: 5/5
  2904 | D:3      | Found a radiant altar of Vehumet.
  2904 | D:3      | Noticed a frost-covered statue
  3074 | D:3      | Killed a frost-covered statue
  3075 | D:3      | Reached skill level 6 in Axes
  3592 | D:4      | Noticed a necrophage
  3714 | D:4      | Killed a necrophage
  3715 | D:4      | Reached XP level 6. HP: 50/50 MP: 6/6
  3758 | D:4      | Found a shimmering altar of Xom.
  3934 | D:4      | Found a burning altar of Makhleb.
  3945 | D:4      | Reached skill level 7 in Axes
  3951 | D:4      | Killed from afar by an orc priest

Illustrated notes

Levels and vault maps discovered:
D:1:      ncdulo_lavacross, layout_basic, serial_shops, shop,
          ebering_ecumenical_altar_sacrificial
D:2:      layout_loops_corners, skrybe_limestone_x
D:3:      layout_basic, pdpol_wu_jian_five_deadly_venoms, vehumet_statue,
          uniq_jessica
D:4:      layout_rooms, mainiacjoe_overflow_catwalk, bloody_makhleb, temple_hall

Skill      XL: |  1  2  3  4  5  6 |
---------------+-------------------+-----
Axes           | 3 4 5 6 7 |  7.0
Fighting       | |  3.0
Armour         | |  2.4
Shields        | |  2.4

Action                   |  1- 3 |  4- 6 || total
-------------------------+-------+-------++-------
Melee: War axe           |   103 |   114 ||   217
       Tailslap          |    12 |     7 ||    19
 Abil: Rolling Charge    |     1 |       ||     1
  Use: Scroll            |       |     4 ||     4
       Potion            |       |     2 ||     2
Armor: Scale mail        |    57 |    47 ||   104
       Skin              |       |     6 ||     6
Dodge: Dodged            |    46 |    28 ||    74
Block: Kite shield       |     4 |       ||     4
